 Dungeon Crawl Stone Soup version 0.31-a0-210-gccc998df9b (webtiles) character file.

Game seed: 11194609041729456023

4554 qw the Skirmisher (level 10, -4/85 (88) HPs)
             Began as a Minotaur Hexslinger on June 30, 2023.
             Was a Follower of Okawaru.
             Slain by a yak (6 damage)
             ... on level 8 of the Dungeon.
             The game lasted 00:02:48 (7706 turns).

qw the Skirmisher (Minotaur Hexslinger)             Turns: 7706, Time: 00:02:48

HP:   -4/85 (88)    AC: 10    Str: 13    XL:     10   Next: 17%
MP:   10/12         EV: 16    Int: 10    God:    Okawaru [*.....]
Gold: 397           SH:  0    Dex: 17    Spells: 10/11 levels left

rFire   . . .        Y - +1 shortbow
rCold   . . .        (shield currently unavailable)
rNeg    . . .        b - +0 ring mail
rPois   .            (helmet restricted)
rElec   .            (no cloak)
rCorr   .            j - +2 pair of gloves
SInv    .            (no boots)
Will    .....        (no amulet)
Stlth   ++           (no ring)
HPRegen 0.34/turn    (no ring)
MPRegen 0.13/turn

%: no passive effects
@: heroic, lightly drained
A: horns 2, retaliatory headbutt
a: Renounce Religion, Heroism


You were on level 8 of the Dungeon.
You worshipped Okawaru.
Okawaru was aware of your devotion.
You visited 2 branches of the dungeon, and saw 9 of its levels.

You collected 417 gold pieces.
You spent 20 gold pieces at shops.


Innate Abilities, Weirdness & Mutations

You have a pair of horns on your head.
You reflexively headbutt those who attack you in melee.


   Skills:
 - Level 8.2(13.2) Fighting
 + Level 12.3(17.3) Ranged Weapons
 - Level 4.2(9.2) Armour
 - Level 5.1(10.1) Dodging
 - Level 1.0 Spellcasting
 - Level 2.0 Hexes
 - Level 4.0 Invocations


You had 10 spell levels left.
You knew the following spells:

 Your Spells              Type           Power      Damage    Failure   Level
a - Slow                  Hex            16%        N/A       28%         1

Your spell library contained the following spells:

 Spells                   Type           Power      Damage    Failure   Level
 Inner Flame              Hex/Fire       2%         N/A       77%         3
 Portal Projectile        Hex/Tloc       4%         N/A       77%         3
 Cause Fear               Hex            2%         N/A       95%         4

Inventory:

Hand Weapons
 Y - a +1 shortbow (weapon)
Armour
 a - +0 steam dragon scales
 b - a +0 ring mail (worn)
 j - a +2 pair of gloves (worn)
Scrolls
 l - 2 scrolls of identify
Potions
 c - 2 potions of mutation
 f - 4 potions of curing
 g - a potion of haste
 i - a potion of attraction {unknown}
 k - a potion of resistance {unknown}
 m - a potion of enlightenment

Dungeon Overview and Level Annotations

Branches:
Dungeon (8/15)             Temple (1/1) D:4
   Lair: D:8-11

Altars:
Ashenzari
Cheibriados
Dithmenos
Elyvilon
Fedhas
Gozag
Hepliaklqana
Kikubaaqudgha
Makhleb
Nemelex Xobeh
Okawaru
Qazlal
Sif Muna
Trog
Uskayaw
Vehumet
Wu Jian
Xom
Yredelemnul
Zin
The Shining One

Shops:
D:1 [[*=[   D:8 =


Message History

You feel drained. The yak gores you.
You shoot an arrow. The arrow hits the yak.
The yak is heavily wounded.
The wight hits you from afar with a +0 spear!
The yak misses you.
You shoot an arrow. The arrow hits the yak.
The yak is severely wounded.
You shoot an arrow. The arrow completely misses the yak.
The arrow hits the yak!
The yak is heavily wounded.
The wight misses you. The yak gores you!
You shoot an arrow.
The arrow hits the yak but does no damage.
The yak is severely wounded.
The wight closely misses you. The yak barely misses you.
You furiously retaliate!
You headbutt the yak. You shoot an arrow. The arrow hits the yak!
The yak is almost dead.
The wight hits you from afar with a +0 spear.
You feel drained. The yak gores you!
You shoot an arrow. The arrow hits the yak!
You kill the yak!
Okawaru accepts your kill. The wight barely misses you.
You shoot an arrow. The arrow hits the yak.
The yak is lightly wounded.
You shoot an arrow. The arrow hits the yak!
The yak is heavily wounded.
You feel like a meek peon again.
The wight hits you from afar with a +0 spear.
The yak gores you.
7704 ||| INVOKING Heroism.
You gain the combat prowess of a mighty hero.
The wight barely misses you.
You shoot an arrow. The arrow hits the yak!
The yak is severely wounded.
The wight hits you from afar with a +0 spear.
You shoot an arrow. The arrow barely misses the yak.
The arrow hits the yak!
The yak is severely wounded.
The wight barely misses you. The yak gores you.
You die...

#....#...........###
#...................
###.##.....^....#...
#.##..........####
#.##..........#
#.###........## #.#
##......## #.#
#####.## #@# #.# #Y#
#.#


zY. ..# # ..... ..## # ....... ... # ......... #.### ........... #....
............. ##..# ######... You could see 2 yaks and a wight.

Vanquished Creatures
  A cyclops (D:8)
  Sigmund (D:3)
  Eustachio (D:5)
  7 yaks
  3 steam dragons
  3 water moccasins
  A sky beast (D:7)
  3 ogres
  2 black bears
  A centaur (D:7)
  2 phantoms (D:5)
  A kobold brigand (D:7)
  3 bullfrogs
  4 scorpions
  4 wights
  A howler monkey (D:7)
  A lava snake (D:8)
  2 hounds
  3 jellies
  A gnoll bouda (D:6)
  3 orc priests (D:6)
  A sleepcap (D:7)
  Jessica (D:2)
  4 iguanas
  An orc wizard (D:7)
  5 adders
  3 gnolls (D:6)
  A shadow imp (D:5)
  2 ufetubi
  7 dart slugs
  6 orcs
  3 bats (D:1)
  3 endoplasms
  3 giant cockroaches
  9 goblins
  3 hobgoblins
  12 kobolds
  2 quokkas (D:2)
  6 ball pythons
  4 frilled lizards
  7 rats
  A butterfly (D:4)
132 creatures vanquished.

Vanquished Creatures (others)
  A yak (D:8)
  A shadow imp (D:8)
2 creatures vanquished.

Grand Total: 134 creatures vanquished

Notes
Turn   | Place    | Note
-------+----------+-------------------------------------------
     0 | D:1      | qw the Minotaur Hexslinger began the quest for the Orb.
     0 | D:1      | Reached XP level 1. HP: 16/16 MP: 1/1
     0 | D:1      | 0 ||| qw: Version: 0.3-a-26-gee661ec
     0 | D:1      | 0 ||| qw: Game counter: 7307
     0 | D:1      | 0 ||| qw: Melee chars always use a shield: true
     0 | D:1      | 0 ||| qw: God list: Okawaru
     0 | D:1      | 0 ||| qw: Allow faded altars: false
     0 | D:1      | 0 ||| qw: Do Orc after clearing Dungeon:15 true
     0 | D:1      | 0 ||| qw: Do second Lair branch before Depths: true
     0 | D:1      | 0 ||| qw: Lair rune preference: random
     0 | D:1      | 0 ||| qw: Goals: Normal
     0 | D:1      | 0 ||| PLANNING D:1-11
    63 | D:1      | Found Kaeqib's Jewellery Emporium.
    68 | D:1      | 68 ||| SHOPLISTING +5 ring of evasion (360 gold, have 0).
    68 | D:1      | 68 ||| SHOPLISTING +6 ring of dexterity (360 gold, have 0).
    68 | D:1      | 68 ||| SHOPLISTING +6 ring of strength (360 gold, have 0).
    68 | D:1      | 68 ||| SHOPLISTING ring of Ligric {Ice rCorr Str+3 Slay+3}
                  | (565 gold, have 0).
    68 | D:1      | 68 ||| SHOPLISTING ring of ice (250 gold, have 0).
    68 | D:1      | 68 ||| SHOPLISTING ring of poison resistance (200 gold,
                  | have 0).
   141 | D:1      | Found Ketu's Armour Boutique.
   149 | D:1      | 149 ||| SHOPLISTING +0 leather armour (24 gold, have 14).
   149 | D:1      | 149 ||| SHOPLISTING +0 ring mail (48 gold, have 14).
   149 | D:1      | 149 ||| SHOPLISTING +2 pair of boots of Absence {Str+2}
                  | (308 gold, have 14).
   177 | D:1      | Reached skill level 3 in Ranged Weapons
   212 | D:1      | Found Uschu's Assorted Antiques.
   215 | D:1      | Reached XP level 2. HP: 23/23 MP: 2/2
   234 | D:1      | 234 ||| SHOPLISTING clear potion (24 gold, have 14).
   234 | D:1      | 234 ||| SHOPLISTING leather armour (54 gold, have 14).
   234 | D:1      | 234 ||| SHOPLISTING scroll labelled ECAKEE TET BOJ (27
                  | gold, have 14).
   234 | D:1      | 234 ||| SHOPLISTING scroll labelled MARUHISCHYKLU (27 gold,
                  | have 14).
   234 | D:1      | 234 ||| SHOPLISTING scroll labelled RECRECLONIE (27 gold,
                  | have 14).
   393 | D:1      | Found Ehido's Armour Emporium.
   403 | D:1      | 403 ||| BUYING +0 leather armour (20 gold).
   403 | D:1      | Bought a +0 leather armour for 20 gold pieces
   403 | D:1      | 403 ||| SHOPLISTING +0 pair of gloves (45 gold, have 33).
   419 | D:1      | Reached XP level 3. HP: 29/29 MP: 3/3
   492 | D:1      | Found Xukanoy's Armour Emporium.
   500 | D:1      | 500 ||| SHOPLISTING +2 cloak of willpower (236 gold, have
                  | 33).
   609 | D:1      | 609 ||| UPGRADING to +0 leather armour.
   619 | D:1      | 619 ||| DROPPING +0 robe.
   620 | D:1      | 620 ||| UPGRADING to +2 pair of gloves.
   625 | D:1      | 625 ||| READING scroll labelled NYSEKLAYRUE.
   626 | D:1      | 626 ||| READING scroll labelled AJULIY REBBA.
   727 | D:1      | 727 ||| READING 2 scrolls labelled MUF NONOOTEUBO.
   728 | D:1      | 728 ||| DRINKING 2 emerald potions.
   729 | D:1      | 729 ||| DROPPING scroll of poison.
   786 | D:2      | Found a faded altar of an unknown god.
   801 | D:2      | 801 ||| Stepping ~*~*~tactically~*~*~ (outnumbered).
   803 | D:2      | Reached skill level 4 in Ranged Weapons
   892 | D:2      | Noticed Jessica
   895 | D:2      | Killed Jessica
   896 | D:2      | Reached XP level 4. HP: 36/36 MP: 4/4
  1096 | D:2      | 1096 ||| READING scroll labelled REIWAPHU JIAL.
  1100 | D:2      | 1100 ||| READING 3 scrolls labelled MAMIDY CIDESU.
  1101 | D:2      | 1101 ||| READING 2 scrolls of identify.
  1101 | D:2      | 1101 ||| IDENTIFYING viscous cyan potion
  1102 | D:2      | 1102 ||| DROPPING 2 scrolls of revelation.
  1230 | D:3      | Reached skill level 5 in Ranged Weapons
  1400 | D:3      | Noticed Sigmund
  1406 | D:3      | Killed Sigmund
  1407 | D:3      | Reached XP level 5. HP: 48/48 MP: 5/5
  1729 | D:3      | 1729 ||| UPGRADING to +0 ring mail.
  1739 | D:3      | 1739 ||| DROPPING +0 leather armour.
  1740 | D:3      | 1740 ||| READING scroll labelled AFAUXAS DOAQ.
  1741 | D:3      | 1741 ||| READING scroll labelled ECURAO BUUPNONK.
  1742 | D:3      | 1742 ||| READING scroll labelled RECRECLONIE.
  1743 | D:3      | 1743 ||| DRINKING 2 metallic clear potions.
  1744 | D:3      | 1744 ||| READING 2 scrolls of identify.
  1744 | D:3      | 1744 ||| IDENTIFYING green potion
  1745 | D:3      | 1745 ||| DROPPING potion of brilliance.
  1746 | D:3      | 1746 ||| DROPPING potion of lignification.
  1863 | D:4      | Reached XP level 6. HP: 55/56 MP: 6/6
  1909 | D:4      | Found a staircase to the Ecumenical Temple.
  1910 | D:4      | 1910 ||| PLANNING TEMPLE
  1910 | D:4      | 1910 ||| READING scroll labelled BOCUIN VAB MUC.
  1911 | D:4      | 1911 ||| DRINKING 2 purple potions.
  1918 | Temple   | Entered the Ecumenical Temple
  1918 | Temple   | Found a transporter.
  1918 | Temple   | Found a transporter.
  1920 | Temple   | Found a transporter.
  1920 | Temple   | Found a transporter.
  1930 | Temple   | 1930 ||| PLANNING D:1-11
  1933 | Temple   | 1933 ||| PLANNING OKAWARU WORSHIP
  1937 | Temple   | Became a worshipper of Warmaster Okawaru
  1938 | Temple   | 1938 ||| PLANNING D:1-11
  2028 | D:4      | Reached skill level 1 in Armour
  2240 | D:4      | Reached skill level 6 in Ranged Weapons
  2368 | D:4      | Found a shadowy altar of Dithmenos.
  2566 | D:4      | 2566 ||| READING scroll labelled ECAKEE TET BOJ.
  2610 | D:5      | Entered Level 5 of the Dungeon
  2688 | D:5      | Reached XP level 7. HP: 61/61 MP: 7/7
  2765 | D:5      | Reached skill level 7 in Ranged Weapons
  2875 | D:5      | Reached * piety under Okawaru
  2903 | D:5      | Reached skill level 8 in Ranged Weapons
  2966 | D:5      | Reached skill level 1 in Invocations
  2995 | D:5      | You fall into a shaft and drop 3 floors!
  2996 | D:8      | Noticed a cyclops
  2997 | D:8      | 2997 ||| INVOKING Heroism.
  3010 | D:8      | Killed a cyclops
  3010 | D:8      | Reached ** piety under Okawaru
  3011 | D:8      | Reached skill level 3 in Invocations
  3011 | D:8      | Reached XP level 8. HP: 57/68 MP: 6/9
  3059 | D:8      | 3059 ||| INVOKING Heroism.
  3072 | D:8      | HP: 17/68 [steam dragon (9)]
  3073 | D:8      | 3073 ||| READING scroll of teleportation.
  3075 | D:8      | HP: 5/68 [steam dragon (4)]
  3077 | D:8      | 3077 ||| INVOKING Heroism.
  3077 | D:8      | Noticed a boulder beetle
  3105 | D:8      | 3105 ||| INVOKING Heroism.
  3282 | D:8      | 3282 ||| Stepping randomly (stuck).
  3283 | D:8      | 3283 ||| Stepping randomly (stuck).
  3284 | D:8      | 3284 ||| Stepping randomly (stuck).
  3285 | D:8      | 3285 ||| Stepping randomly (stuck).
  3292 | D:7      | Found a broken altar of Ashenzari.
  3305 | D:7      | 3305 ||| INVOKING Heroism.
  3309 | D:7      | Reached skill level 9 in Ranged Weapons
  3543 | D:7      | Found a hide-covered altar of Uskayaw.
  3650 | D:7      | 3650 ||| INVOKING Heroism.
  3656 | D:7      | Reached skill level 3 in Dodging
  3772 | D:7      | Reached skill level 6 in Fighting
  3870 | D:7      | 3870 ||| SWAPPING to +0 shortbow.
  3871 | D:7      | 3871 ||| DROPPING +1 sling of draining.
  4061 | D:6      | 4061 ||| INVOKING Heroism.
  4065 | D:6      | Reached XP level 9. HP: 75/75 MP: 8/11
  4125 | D:6      | 4125 ||| INVOKING Heroism.
  4157 | D:6      | 4157 ||| INVOKING Heroism.
  4163 | D:6      | Reached skill level 10 in Ranged Weapons
  4290 | D:6      | 4290 ||| Stepping ~*~*~tactically~*~*~ (water).
  4547 | D:5      | Noticed Eustachio
  4549 | D:5      | 4549 ||| INVOKING Heroism.
  4578 | D:5      | 4578 ||| INVOKING Heroism.
  4583 | D:5      | Killed Eustachio
  4982 | D:5      | 4982 ||| READING scroll labelled IGEPPE PAC OGYW.
  4983 | D:5      | 4983 ||| READING scroll labelled FOEDDUD BUYH.
  5151 | D:6      | 5151 ||| INVOKING Heroism.
  5446 | D:6      | 5446 ||| INVOKING Heroism.
  5920 | D:6      | 5920 ||| READING scroll labelled LUERUN JAV.
  5921 | D:6      | 5921 ||| DRINKING 2 bubbling coppery potions.
  6224 | D:7      | 6224 ||| Stepping ~*~*~tactically~*~*~ (cloud).
  6226 | D:7      | 6226 ||| INVOKING Heroism.
  6237 | D:7      | Reached skill level 11 in Ranged Weapons
  6424 | D:7      | 6424 ||| INVOKING Heroism.
  6790 | D:7      | 6790 ||| READING scroll labelled ELLAGO XAALOEJUTU.
  6791 | D:7      | 6791 ||| DRINKING 2 glowing green potions.
  6813 | D:8      | 6813 ||| INVOKING Heroism.
  6823 | D:8      | 6823 ||| STAIRDANCE
  6830 | D:7      | HP: 16/79 [yak (4)]
  6831 | D:7      | 6831 ||| READING scroll of teleportation.
  6831 | D:7      | HP: 7/79 [yak (1)]
  6831 | D:7      | HP: 1/79 [yak (6)]
  6832 | D:7      | 6832 ||| DRINKING potion of heal wounds.
  6833 | D:7      | 6833 ||| INVOKING Heroism.
  6834 | D:7      | Reached skill level 12 in Ranged Weapons
  7079 | D:7      | 7079 ||| INVOKING Heroism.
  7212 | D:8      | 7212 ||| STAIRDANCE
  7219 | D:7      | 7219 ||| INVOKING Heroism.
  7223 | D:7      | Reached XP level 10. HP: 56/88 MP: 9/12
  7319 | D:8      | 7319 ||| STAIRDANCE
  7425 | D:8      | 7425 ||| INVOKING Heroism.
  7441 | D:8      | Found Zeing's Jewellery Shoppe.
  7457 | D:8      | 7457 ||| SHOPLISTING +4 ring of slaying (1092 gold, have
                  | 397).
  7457 | D:8      | 7457 ||| SHOPLISTING +5 ring of evasion (504 gold, have
                  | 397).
  7457 | D:8      | 7457 ||| SHOPLISTING +6 ring of strength (504 gold, have
                  | 397).
  7457 | D:8      | 7457 ||| SHOPLISTING ring of Irchicydu {+Blink Dex+6} (700
                  | gold, have 397).
  7479 | D:8      | Found a blossoming altar of Fedhas.
  7686 | D:8      | 7686 ||| INVOKING Heroism.
  7698 | D:8      | HP: 19/84 [yak (8)]
  7700 | D:8      | HP: 5/82 [yak (10)]
  7704 | D:8      | 7704 ||| INVOKING Heroism.
  7705 | D:8      | HP: 2/85 [wight/+0 spear (1)]
  7706 | D:8      | Slain by a yak

Levels and vault maps discovered:
D:1:      evilmike_arrival_plus, layout_basic, serial_shops, shop, shop, shop,
          shop, nicolae_shop_trees, minmay_hexomino_p4
D:2:      layout_rooms, chequers_ecumenical_altar_twisty, uniq_jessica
D:3:      layout_loops_ring, uniq_sigmund
D:4:      layout_cave_pods, grunt_dithmenos_smoke_and_mirrors,
          minmay_temple_entry_butterflies
D:5:      layout_basic, nrook_mini_vaults, uniq_eustachio
D:6:      layout_basic, chequers_serial_rivers_small_b
D:7:      layout_loops_corners, mainiacjoe_overflow_catch_the_wave,
          serial_co_window_serial, co_window_corner_a, co_window_paths_a,
          co_window_corner_a, co_window_paths_a, co_window_corner_a,
          co_window_of_opportunity_b, co_window_of_opportunity_b,
          co_window_broadway_a, co_window_4corner_b, glass_columns_a,
          glass_columns_b
D:8:      layout_rooms, fedhas_altar_4, grunt_ministairs_2,
          minmay_shop_enchanted_jewellery, kennysheep_island_fort
Temple:   hellmonk_temple_divided_pantheon

Skill      XL: |  1  2  3  4  5  6  7  8  9 10 |
---------------+-------------------------------+-----
Ranged Weapons | 3 4 5 6 8 9 12 | 12.3
Fighting       | 2 5 6 8 |  8.2
Armour         | 1 4 |  4.2
Invocations    | 3 4 |  4.0
Dodging        | 3 4 5 |  5.1
Spellcasting   | |  1.0
Hexes          | |  2.0

Action                     |  1- 3 |  4- 6 |  7- 9 | 10-12 || total
---------------------------+-------+-------+-------+-------++-------
   Fire: Sling             |    81 |    99 |   148 |       ||   328
         Shortbow          |       |       |   252 |    52 ||   304
 Invoke: Heroism           |       |       |    19 |     3 ||    22
    Use: Scroll            |     3 |     9 |     6 |       ||    18
         Potion            |     1 |     2 |     3 |       ||     6
 Armour: Robe              |     3 |       |       |       ||     3
         Leather armour    |     2 |     1 |       |       ||     3
         Ring mail         |       |     6 |   103 |     8 ||   117
  Dodge: Dodged            |     7 |    14 |   175 |    27 ||   223

Table legend:
 A = Non-vault XP
 B = Vault XP
 C = Vault XP percentage of total XP
 D = Non-vault monster count
 E = Vault monster count
 F = Vault count percentage of total count
                 A         B        C        D         E       F
            +---------+---------+-------+---------+---------+-------
      Total |    5998 |     509 |   7.8 |     126 |       7 |   5.3
            +---------+---------+-------+---------+---------+-------
        D:1 |      37 |       5 |  11.9 |      20 |       3 |  13.0
        D:2 |      52 |      37 |  41.6 |      19 |       1 |   5.0
        D:3 |      24 |     214 |  89.9 |       8 |       1 |  11.1
        D:4 |     252 |       0 |   0.0 |      15 |       0 |   0.0
        D:5 |     585 |     196 |  25.1 |      11 |       1 |   8.3
        D:6 |     993 |       0 |   0.0 |      18 |       0 |   0.0
        D:7 |    1948 |       0 |   0.0 |      20 |       0 |   0.0
        D:8 |    2107 |      57 |   2.6 |      15 |       1 |   6.2
            +---------+---------+-------+---------+---------+-------
